 Dungeon Crawl Stone Soup version 0.31-a0-986-g5e6e4ef867 (webtiles) character file.

Game seed: 725688293812034292

5913 LadyBoffin the Cleaver (level 10, -10/90 HPs)
             Began as a Hill Orc Fighter on Nov 8, 2023.
             Was an Initiate of Nemelex Xobeh.
             Shot with a sling bullet by Joseph (13 damage)
             ... on level 7 of the Dungeon on Nov 9, 2023.
             The game lasted 00:27:24 (8826 turns).

LadyBoffin the Cleaver (Hill Orc Fighter)           Turns: 8826, Time: 00:27:24

Health: -10/90     AC: 14    Str: 24    XL:     10   Next: 82%
Magic:  10/10      EV: 11    Int:  8    God:    Nemelex Xobeh [......]
Gold:   488        SH:  6    Dex: 16    Spells: 9/9 levels left

rFire   + . .        C - +3 war axe (holy)
rCold   . . .        c - +0 buckler
rNeg    . . .        b - +1 scale mail
rPois   .            J - +0 helmet
rElec   .            (no cloak)
rCorr   .            i - +1 pair of gloves
SInv    .            e - +0 pair of boots
Will    .....        (no amulet) Stlth
                     g - +6 ring of dexterity
HPRegen 0.35/turn    G - ring of protection from fire
MPRegen 0.12/turn

%: no passive effects
@: brilliant
A: no striking features
a: Renounce Religion, Draw Escape, Draw Destruction, Draw Summoning


You were on level 7 of the Dungeon.
You worshipped Nemelex Xobeh.
Nemelex Xobeh was noncommittal.
You visited 2 branches of the dungeon, and saw 10 of its levels.
You also visited: Ossuary.

You collected 488 gold pieces.

Inventory:

Hand Weapons
 a - a +1 war axe of venom
 C - a +3 war axe of holy wrath (weapon)
Missiles
 H - a throwing net
Armour
 b - a +1 scale mail (worn)
 c - a +0 buckler (worn)
 e - a +0 pair of boots (worn)
 i - a +1 pair of gloves (worn)
 J - a +0 helmet (worn)
Jewellery
 g - a +6 ring of dexterity (left hand)
 D - a ring of flight
 G - a ring of protection from fire (right hand)
 I - an amulet of faith
Wands
 u - a wand of flame (26)
 B - a wand of polymorph (10)
Scrolls
 h - a scroll of teleportation
 k - 2 scrolls of silence
 n - 4 scrolls of revelation
 q - a scroll of acquirement {unknown}
 r - a scroll of fear
 s - 6 scrolls of immolation
 t - a scroll of noise {unknown}
 v - a scroll of identify
 y - a scroll of vulnerability {unknown}
 F - a scroll of brand weapon
 K - a scroll of amnesia {unknown}
 L - a scroll of enchant weapon
Potions
 d - 3 potions of might
 f - 2 potions of haste {unknown}
 j - a potion of mutation {unknown}
 l - a potion of enlightenment {unknown}
 m - 10 potions of curing
 p - 5 potions of heal wounds {unknown}
 w - a potion of lignification {unknown}
 x - a potion of degeneration {unknown}
 z - a potion of berserk rage {unknown}
 A - 2 potions of brilliance


   Skills:
 + Level 8.5 Fighting
 + Level 14.1 Axes
 + Level 8.5 Armour
 - Level 3.2 Dodging
 + Level 1.1 Stealth
 + Level 6.0 Shields
 + Level 1.7 Evocations


You had 9 spell levels left.
You didn't know any spells.
Your spell library contained the following spells:

 Spells                   Type           Power      Damage    Failure   Level
 Apportation              Tloc           0%         N/A       73%         1
 Blink                    Tloc           0%         N/A       86%         2
 Cigotuvi's Dreadful Rot  Necr/Pois/Air  0%         N/A       86%         2
 Jinxbite                 Hex            0%         N/A       86%         2
 Lesser Beckoning         Tloc           0%         N/A       86%         2
 Momentum Strike          Conj/Tloc      0%         3d8       86%         2
 Wereblood                Tmut           0%         N/A       86%         2
 Gell's Gravitas          Tloc           0%         N/A       97%         3
 Teleport Other           Tloc           0%         N/A       97%         3
 Dispel Undead            Necr           0%         3d6       100%        4
 Alistair's Intoxication  Tmut/Pois      0%         N/A       100%        5
 Irradiate                Conj/Tmut      0%         3d11      100%        5
 Death Channel            Necr           0%         N/A       100%        6


Dungeon Overview and Level Annotations

Branches:
Dungeon (9/15)             Temple (1/1) D:7            Lair (0/5) D:8
Ossuary (visited)
    Orc: D:9-12

Altars:
Ashenzari
Cheibriados
Dithmenos
Elyvilon
Fedhas
Gozag
Hepliaklqana
Makhleb
Nemelex Xobeh
Okawaru
Qazlal
Ru
Sif Muna
Vehumet
Wu Jian
Xom
Yredelemnul
The Shining One

Shops:
D:9 :

Annotations:
D:2 1 runed translucent door, Crazy Yiuf
D:6 2 transporters
D:7 Joseph


Message History

Joseph shoots a sling bullet.
The sling bullet hits you.
The orc warrior shoots a bolt.
You block the bolt.
Joseph is nearby!
Aiming: Iceblast
Press: ? - help, Shift-Dir - straight line, f - Joseph
Aim: Joseph, wielding a +0 sling and wearing a +0 leather armour The mass of ice explodes!
The iceblast engulfs Joseph!
Joseph is moderately wounded.
The now-empty wand crumbles to dust.
Joseph shoots a sling bullet.
The sling bullet closely misses you.
The air fills with toxic fumes!
As you read the scroll of poison, it crumbles to dust.
Joseph shoots a sling bullet.
The sling bullet hits you.
Joseph shoots a sling bullet.
The sling bullet closely misses you.
Joseph shoots a sling bullet.
The sling bullet hits you.
Joseph shoots a sling bullet.
The sling bullet barely misses you.
Joseph shoots a sling bullet.
The sling bullet completely misses you.
Joseph shoots a sling bullet.
The sling bullet barely misses you.
Joseph says, "It's nothing personal, but I have to kill you."
Joseph shoots a sling bullet.
The sling bullet hits you!
Joseph shoots a sling bullet.
You block the sling bullet.
Joseph shoots a sling bullet.
The sling bullet hits you.
Joseph shoots a sling bullet.
The sling bullet hits you.
Okay, then.
Joseph sighs, "Being a guard is usually so boring..."
Joseph shoots a sling bullet.
The sling bullet closely misses you.
Joseph shoots a sling bullet.
The sling bullet hits you.
Okay, then.
Joseph shoots a sling bullet.
You block the sling bullet.
Joseph shoots a sling bullet.
The sling bullet hits you!
* * * LOW HITPOINT WARNING * * *
Joseph shoots a sling bullet.
The sling bullet hits you!
* * * LOW HITPOINT WARNING * * *
You feel better.
Joseph shoots a sling bullet.
The sling bullet hits you!
* * * LOW HITPOINT WARNING * * *
It was a potion of brilliance.
You feel clever all of a sudden.
Joseph shoots a sling bullet.
The sling bullet hits you!
You die...
Your body disappears without a glow.

##P#...#P......#.o......#
#..
####.####.....#........#
##. #..P# #.....#........#
## ##.## #.....#........#
#.## #.....+........#
#..#####'####..##..##
#....##..####°○#####
#....°....○....○#
#........@......#
#.......°.......#
######....○.........#
##...##..###°.####@#######
#....##..###..###.o###...#
##........#..............#
#........#.........)....#
#...##...#.......(......'.
#...##..####..###'####'###


You could see Joseph.

Vanquished Creatures
  A rust devil (D:9)
  A smoke demon (D:9)
  Jeremiah (D:7)
  A red devil (D:9)
  2 hellwings (D:9)
  Grinder (D:4)
  Sigmund (D:2)
  A wyvern (D:8)
  2 steam dragons (D:8)
  Duvessa (D:4)
  3 water moccasins
  A black bear (D:4)
  2 orc warriors
  3 sky beasts (D:6)
  An ice beast (D:7)
  2 centaurs
  2 ogres
  A phantom (D:5)
  2 bullfrogs (D:6)
  3 scorpions
  A gnoll sergeant (D:6)
  5 wights (D:8)
  Dowan (D:4)
  9 killer bees
  A howler monkey (D:9)
  4 hounds
  6 orc priests
  A sleepcap (D:6)
  An iguana (D:7)
  Natasha (thrice) (D:3)
  7 orc wizards
  14 mummies (Ossuary)
  Robin (D:2)
  11 gnolls
  5 adders
  A shadow imp (D:6)
  A white imp (D:7)
  4 ufetubi (D:6)
  2 worms
  3 dart slugs
  20 orcs
  10 endoplasms
  4 giant cockroaches
  14 goblins
  13 hobgoblins
  2 jackals (D:5)
  7 kobolds
  7 quokkas
  6 ball pythons
  7 bats
  2 frilled lizards (D:2)
  4 gnoll skeletons (Ossuary)
  A goblin skeleton (Ossuary)
  A kobold skeleton (Ossuary)
  2 orc skeletons (Ossuary)
  4 rats
  11 rat skeletons (Ossuary)
228 creatures vanquished.

Vanquished Creatures (others)
  An orc (D:8)
1 creature vanquished.

Grand Total: 229 creatures vanquished

Notes
Turn   | Place    | Note
-------+----------+-------------------------------------------
     0 | D:1      | LadyBoffin the Hill Orc Fighter began the quest for the
                  | Orb.
     0 | D:1      | Reached XP level 1. HP: 19/19 MP: 1/1
   107 | D:1      | Reached XP level 2. HP: 27/27 MP: 2/2
   144 | D:1      | Reached skill level 3 in Axes
   317 | D:1      | Reached XP level 3. HP: 27/33 MP: 3/3
   560 | D:1      | Found a faded altar of an unknown god.
   969 | D:2      | Noticed Robin
   983 | D:2      | Reached skill level 4 in Axes
   990 | D:2      | Killed Robin
   991 | D:2      | Reached XP level 4. HP: 31/40 MP: 4/4
  1046 | D:2      | Noticed Sigmund
  1053 | D:2      | Killed Sigmund
  1054 | D:2      | Reached skill level 6 in Axes
  1054 | D:2      | Reached XP level 5. HP: 47/47 MP: 5/5
  1054 | D:2      | Reached XP level 6. HP: 53/53 MP: 6/6
  1130 | D:2      | Found a basalt altar of Yredelemnul.
  1553 | D:2      | Found a runed translucent door.
  1554 | D:2      | Noticed Crazy Yiuf
  1859 | D:3      | Noticed Natasha
  1863 | D:3      | Killed Natasha
  1940 | D:3      | Noticed Natasha
  1948 | D:3      | Killed Natasha
  2125 | D:3      | Noticed Natasha
  2135 | D:3      | Killed Natasha
  2436 | D:4      | Reached skill level 7 in Axes
  2436 | D:4      | Noticed Grinder
  2442 | D:4      | Paralysed by Grinder for 5 turns
  2455 | D:4      | Killed Grinder
  2456 | D:4      | Reached skill level 5 in Fighting
  2456 | D:4      | Reached XP level 7. HP: 26/61 MP: 7/7
  2472 | D:4      | Found a sand-covered staircase.
  2482 | Ossuary  | Entered an ossuary
  2600 | Ossuary  | Reached skill level 8 in Axes
  3119 | Ossuary  | Reached skill level 1 in Dodging
  3490 | D:4      | Reached skill level 9 in Axes
  3490 | D:4      | Reached XP level 8. HP: 61/68 MP: 8/8
  3544 | D:4      | Noticed Duvessa
  3545 | D:4      | Noticed Dowan
  3550 | D:4      | Killed Duvessa
  3559 | D:4      | Killed Dowan
  3627 | D:4      | Reached skill level 10 in Axes
  3627 | D:4      | Reached skill level 5 in Armour
  3629 | D:4      | Identified the +1 leather armour of the Mind {rElec rC-
                  | Dex+5}
  4125 | D:5      | Entered Level 5 of the Dungeon
  4601 | D:5      | Reached skill level 11 in Axes
  5603 | D:6      | Reached XP level 9. HP: 73/75 MP: 9/9
  5770 | D:6      | Reached skill level 1 in Stealth
  5942 | D:7      | Noticed Joseph
  6095 | D:6      | Reached skill level 12 in Axes
  6280 | D:6      | Found a transporter.
  6323 | D:6      | Reached skill level 5 in Shields
  6462 | D:6      | Found a transporter.
  6763 | D:6      | You fall into a shaft and drop 3 floors!
  6856 | D:9      | Noticed a smoke demon
  6856 | D:9      | Noticed a hellwing
  6857 | D:9      | Noticed a hellwing
  6857 | D:9      | Noticed a red devil
  6865 | D:9      | Killed a hellwing
  6866 | D:9      | Reached skill level 1 in Evocations
  6869 | D:9      | Killed a smoke demon
  6870 | D:9      | Killed a hellwing
  6871 | D:9      | Reached XP level 10. HP: 58/86 MP: 10/10
  6874 | D:9      | Reached skill level 13 in Axes
  6884 | D:9      | Noticed a rust devil
  6891 | D:9      | Killed a rust devil
  7057 | D:8      | Found a staircase to the Lair.
  7292 | D:9      | Found Acuasunoje's Book Shop.
  7654 | D:8      | Noticed a two-headed ogre
  7664 | D:8      | HP: 2/86 [steam dragon/ball of steam (6)]
  8371 | D:7      | Noticed Jeremiah
  8450 | D:7      | Killed Jeremiah
  8451 | D:7      | Reached skill level 14 in Axes
  8672 | D:7      | Found a staircase to the Ecumenical Temple.
  8747 | Temple   | Entered the Ecumenical Temple
  8761 | Temple   | Became a worshipper of Nemelex Xobeh the Trickster
  8824 | D:7      | HP: 4/90 [Joseph/sling bullet (15)]
  8826 | D:7      | Shot with a sling bullet by Joseph

Illustrated notes

Levels and vault maps discovered:
D:1:      roderic_crop_circles_arrival_small, layout_basic,
          shapermc_ecumenical_altar_gd
D:2:      layout_loops_cross, basic_altar, minmay_pentomino_u2,
          uniq_crazy_yiuf_cottage, uniq_sigmund, uniq_robin
D:3:      layout_basic, kennysheep_path_1, uniq_natasha
D:4:      nicolae_cairo_tiling_large_dashed, layout_loops_ring,
          mainiacjoe_ossuary_entry_dusty_tomb, nicolae_zig_zag_zippers,
          uniq_grinder, uniq_duvessa
D:5:      layout_layer_cave
D:6:      gammafunk_cloud_chamber, layout_loops_corners, zin_purify
D:7:      layout_gridville, minmay_temple_entry_gardened_gates, uniq_joseph,
          uniq_jeremiah
D:8:      layout_rooms, lair_entry_dummy
D:9:      layout_basic, serial_shops, shop, nicolae_where_there's_smoke
Temple:   nicolae_temple_two_arcs

Skill      XL: |  1  2  3  4  5  6  7  8  9 10 |
---------------+-------------------------------+-----
Axes           | 3 4 6 7 9 11 12 14 | 14.1
Fighting       | 4 5 6 7 8 |  8.5
Armour         | 4 5 7 8 |  8.5
Shields        | 4 5 6 |  6.0
Dodging        | 1 2 3 |  3.2
Stealth        | 1 |  1.1
Evocations     | 1 |  1.7

Action                     |  1- 3 |  4- 6 |  7- 9 | 10-12 || total
---------------------------+-------+-------+-------+-------++-------
  Melee: War axe           |    75 |   110 |   309 |   133 ||   627
  Evoke: Wand              |       |       |     8 |     6 ||    14
    Use: Scroll            |     5 |     2 |     6 |     7 ||    20
         Potion            |       |     1 |       |     2 ||     3
   Stab: Distracted        |     1 |       |       |       ||     1
 Armour: Scale mail        |    36 |    60 |   205 |   121 ||   422
  Dodge: Dodged            |    33 |    39 |   123 |    77 ||   272
  Block: Buckler           |    20 |    30 |    62 |    42 ||   154

Table legend: (Time is in decaauts)
 A = Elapsed time spent in this place.
 B = Non-inter-level travel time spent in this place.
 C = Inter-level travel time spent in this place.
 D = Time resting spent in this place.
 E = Time spent auto-exploring this place.
 F = Levels seen in this place.
 G = Mean time per level.
                   A        B        C        D        E       F      G
               +--------+--------+--------+--------+--------+-----+--------+
         Total |   8869 |   8252 |    617 |   1319 |   5183 |  11 |  806.3 |
       Dungeon |   7936 |   7339 |    597 |   1136 |   4631 |   9 |  881.8 |
        Temple |     22 |      2 |     20 |      0 |      0 |   1 |   22.0 |
       Ossuary |    909 |    909 |      0 |    183 |    552 |   1 |  909.0 |
               +--------+--------+--------+--------+--------+-----+--------+

Top non-repeatable levels by time:
     D:5: 1398 daAuts
     D:6: 1234 daAuts
     D:1: 988 daAuts
 Ossuary: 909 daAuts
     D:2: 895 daAuts
     D:4: 851 daAuts
     D:9: 785 daAuts
     D:8: 633 daAuts
     D:7: 601 daAuts
     D:3: 548 daAuts
  Temple: 22 daAuts
